 Dungeon Crawl Stone Soup version 0.28-a0-723-g095bd1b44f (webtiles) character file.

Game seed: 8933628405984030857

8050 Ijustatesigmund the Covert (level 11, -1/89 HPs)
             Began as a Gnoll Delver on Oct 26, 2021.
             Was a Believer of Okawaru.
             Slain by a sixfirhy (11 damage)
             ... summoned by a kobold demonologist
             ... on level 10 of the Dungeon.
             The game lasted 00:25:32 (8821 turns).

Ijustatesigmund the Covert (Gnoll Delver)           Turns: 8821, Time: 00:25:33

Health: -1/89      AC: 15    Str: 20      XL:     11   Next: 24%
Magic:  20/20      EV: 13    Int: 12 (19) God:    Okawaru [**....]
Gold:   390        SH:  0    Dex: 12 (16) Spells: 21/22 levels left

rFire   . . .      SeeInvis +   F - +9 broad axe "Huvu" {speed, Str+5 Dex+4}
rCold   + . .      Faith    .   (no shield)
rNeg    . . .      Spirit   .   y - +5 ring mail of the Frog {rC+ Str+4}
rPois   .          Reflect  .   u - +1 helmet
rElec   .          Harm     .   B - +0 cloak
rCorr   .          Rampage  .   (no gloves)
Will    .....                   (no boots)
Stlth   ++++......              f - amulet of regeneration
HPRegen 1.24/turn               w - ring of see invisible
MPRegen 0.17/turn               i - +6 ring of intelligence

@: very slow
A: fangs 1, strong nose, distributed training, clumsy 1, shaggy fur 1
a: Renounce Religion, Heroism


You were on level 10 of the Dungeon.
You worshipped Okawaru.
Okawaru was pleased with you.
You visited 2 branches of the dungeon, and saw 11 of its levels.
You also visited: Ossuary.

You collected 460 gold pieces.
You spent 70 gold pieces at shops.

Inventory:

Hand Weapons
 a - the +5 trident of Taxation {holy, Str+6 Dex+3}
   (You found it on level 9 of the Dungeon)

   It has been blessed by the Shining One to cause great damage to the undead
   and demons.
   Str:       It affects your strength (+6).
   Dex:       It affects your dexterity (+3).
 C - a +4 mace
 F - the +9 broad axe "Huvu" (weapon) {speed, Str+5 Dex+4}
   (You found it on level 9 of the Dungeon)

   Attacks with this weapon are significantly faster.
   Str:       It affects your strength (+5).
   Dex:       It affects your dexterity (+4).
Missiles
 p - 2 throwing nets (quivered)
Armour
 b - +2 swamp dragon scales
 u - a +1 helmet (worn)
 y - the +5 ring mail of the Frog (worn) {rC+ Str+4}
   (You found it on level 7 of the Dungeon)

   Str:       It affects your strength (+4).
   rC:        It protects you from cold.
 B - a +0 cloak (worn)
Jewellery
 f - an amulet of regeneration (around neck)
 h - a ring of fire
 i - a +6 ring of intelligence (right hand)
 o - a ring of fire
 r - an amulet of guardian spirit
 w - a ring of see invisible (left hand)
 E - a ring of fire
Wands
 g - a wand of digging (3)
 k - a wand of mindburst (8)
 n - a wand of polymorph (7)
Scrolls
 c - 2 scrolls of fog
 d - 2 scrolls of magic mapping
 e - a scroll of enchant weapon
 t - 2 scrolls of immolation
 v - 7 scrolls of identify
 D - a scroll of enchant armour
Potions
 j - a potion of ambrosia
 l - 2 potions of cancellation
 m - 6 potions of brilliance
 q - a potion of resistance
 s - a potion of flight
 x - 3 potions of attraction
 z - 5 potions of curing
 A - a potion of mutation


   Skills:
 + Level 9.0 Fighting
 + Level 6.1 Short Blades
 + Level 6.1 Long Blades
 + Level 7.7 Axes
 + Level 6.1 Maces & Flails
 + Level 6.1 Polearms
 + Level 6.1 Staves
 + Level 6.1 Slings
 + Level 6.1 Bows
 + Level 6.1 Crossbows
 + Level 6.1 Throwing
 + Level 6.1 Armour
 + Level 7.7 Dodging
 + Level 11.3 Stealth
 + Level 6.1 Shields
 + Level 6.1 Unarmed Combat
 + Level 6.1 Spellcasting
 + Level 5.0 Conjurations
 + Level 5.0 Hexes
 + Level 5.0 Summonings
 + Level 5.0 Necromancy
 + Level 5.0 Translocations
 + Level 5.0 Transmutations
 + Level 5.0 Fire Magic
 + Level 5.0 Ice Magic
 + Level 5.0 Air Magic
 + Level 5.0 Earth Magic
 + Level 5.0 Poison Magic
 + Level 6.7 Invocations
 + Level 6.1 Evocations


You had 21 spell levels left.
You knew the following spells:

 Your Spells              Type           Power      Damage    Failure   Level
a - Apportation           Tloc           30%        N/A       3%          1

Your spell library contained the following spells:

 Spells                   Type           Power      Damage    Failure   Level
 Foxfire                  Conj/Fire      60%        2x1d7     3%          1
 Freeze                   Ice            60%        1d8       3%          1
 Ensorcelled Hibernation  Hex/Ice        30%        N/A       5%          2
 Conjure Flame            Conj/Fire      15%        6-21      11%         3
 Frozen Ramparts          Ice            30%        1d5       11%         3
 Inner Flame              Hex/Fire       15%        N/A       11%         3
 Flame Wave               Conj/Fire      15%        3d5       34%         4
 Hailstorm                Conj/Ice       15%        3d5       34%         4
 Storm Form               Tmut/Air       7%         N/A       100%        7
 Maxwell's Capacitive Co  Air            7%         ∞         100%        8
 Animate Skeleton         Necr           Unusable   N/A       N/A         1
 Summon Small Mammal      Summ           Unusable   N/A       N/A         1
 Call Canine Familiar     Summ           Unusable   N/A       N/A         3
 Summon Guardian Golem    Hex/Summ       Unusable   N/A       N/A         3
 Tukima's Dance           Hex            Unusable   N/A       N/A         3
 Summon Lightning Spire   Summ/Air       Unusable   N/A       N/A         4

Dungeon Overview and Level Annotations

Branches:
Dungeon (10/15)            Temple (1/1) D:5         Ossuary (visited)
   Lair: D:8-11         Orc: D:9-12

Altars:
Ashenzari
Cheibriados
Dithmenos
Elyvilon
Fedhas
Hepliaklqana
Kikubaaqudgha
Makhleb
Nemelex Xobeh
Okawaru
Qazlal
Ru
Sif Muna
Trog
Uskayaw
Vehumet
Xom
Yredelemnul
Zin
The Shining One

Shops:
D:1 ?   D:4 *

Annotations:
D:5 1 runed translucent door


Innate Abilities, Weirdness & Mutations

You have very sharp teeth.
Your uncanny sense of smell can sniff out nearby items.
Your experience applies equally to all skills.
You are clumsy. (Dex -2)
You are covered in fur. (AC +1)


Message History

You destroy the kobold skeleton!
You hit the sixfirhy. You slash the shadow imp!
You kill the shadow imp!
Okawaru accepts your kill.
You hit the shadow imp. The sixfirhy closely misses you.
The sixfirhy hits you but does no damage.
The sixfirhy hits you! The sixfirhy shocks you!
* * * LOW HITPOINT WARNING * * *
The shadow imp hits you but does no damage.
The kobold demonologist hits you but does no damage.
You feel better.
The kobold demonologist hits you but does no damage.
The shadow imp closely misses you. The kobold zombie barely misses you.
You barely miss the kobold demonologist.
The kobold demonologist is severely wounded.
You hit the kobold zombie. You miss the sixfirhy. You slash the kobold zombie!
You destroy the kobold zombie!
You hit the shadow imp.
You kill the shadow imp!
Okawaru accepts your kill. The kobold zombie misses you.
The kobold demonologist hits you with a +0 dagger.
You completely miss the kobold demonologist.
The kobold demonologist is severely wounded.
You hit the kobold zombie but do no damage.
You hit the sixfirhy. You closely miss the kobold zombie.
The sixfirhy barely misses you. The kobold zombie barely misses you.
The kobold zombie misses you.
You slash the kobold demonologist!
The kobold demonologist is almost dead.
You barely miss the kobold zombie. You miss the sixfirhy.
You slash the kobold zombie!
The sixfirhy hits you but does no damage. x2
The sixfirhy hits you! The sixfirhy shocks you!
* * * LOW HITPOINT WARNING * * *
The kobold demonologist looks braver for a moment.
The sixfirhy hits you!
* * * LOW HITPOINT WARNING * * *
The sixfirhy shocks you!
You die...

#...........###')'###..#
#...##.....##...))).##.####
#...##.....#.........#....#
.....#.#####.........######
#......# #.........#.).#
#...##.# +.........).).#
###....# #.........#.).#
....#### #..8...8..#.).#
##.....# #.##K@'##.#)..#
.......# ###.Z3Z.###)..#
.#.#...# #.........##..#
.###...# #...........#..#
.# ##.# #...........#..# .#
#.# +....÷÷÷....'..# .# #.#
#....÷_÷....#..# .### #.#
##...÷∩÷...##..# ...###.# ∆
∆∆ ..#


You could see a kobold demonologist, a sixfirhy (summoned) and 2 kobold zombies.

Vanquished Creatures
  A boulder beetle (D:9)
  A deep elf pyromancer (D:8)
  2 ugly things
  Maggie (D:6)
  A troll (D:5)
  2 hornets (D:8)
  Sigmund (D:5)
  A wyvern (D:7)
  A basilisk (D:8)
  10 yaks
  A water moccasin (D:7)
  An orc warrior (D:9)
  2 ice beasts
  3 sky beasts
  A black bear (D:4)
  A necrophage (D:6)
  An ogre (D:7)
  A phantom (D:7)
  3 centaurs
  2 kobold brigands (D:10)
  A bullfrog (D:7)
  5 scorpions
  A gnoll sergeant (D:9)
  7 water moccasin zombies
  A water moccasin skeleton (D:7)
  5 killer bees (D:9)
  4 wights (D:8)
  2 howler monkeys (D:9)
  A centaur zombie (D:7)
  A bullfrog zombie (D:5)
  2 hounds
  A jelly (D:6)
  A gnoll shaman (D:5)
  2 orc priests
  A bullfrog skeleton (D:6)
  3 orc wizards
  An iguana (D:4)
  A hound zombie (D:5)
  2 hound skeletons
  3 mummies
  8 gnolls
  2 howler monkey skeletons
  5 adders
  2 shadow imps (D:10)
  2 white imps (D:7)
  An ufetubus (D:4)
  7 adder zombies (Ossuary)
  An adder skeleton (D:4)
  A dart slug (D:1)
  24 orcs
  4 endoplasms
  5 giant cockroaches
  5 gnoll zombies (Ossuary)
  5 hobgoblins
  4 jackals (D:4)
  A quokka (D:3)
  3 ball pythons
  A bat (D:1)
  8 goblins
  9 hobgoblin zombies
  A jackal skeleton (D:5)
  24 kobolds
  11 kobold skeletons
  11 kobold zombies
  7 orc zombies (Ossuary)
234 creatures vanquished.

Vanquished Creatures (others)
  2 plants (D:3)
2 creatures vanquished.

Grand Total: 236 creatures vanquished

Notes
Turn   | Place    | Note
-------+----------+-------------------------------------------
     0 | D:5      | Reached skill level 9 in Stealth
     0 | D:5      | Ijustatesigmund the Gnoll Delver began the quest for the
                  | Orb.
     0 | D:5      | Reached XP level 1. HP: 23/23 MP: 1/1
   234 | D:3      | Reached XP level 2. HP: 7/29 MP: 2/2
   543 | D:2      | Reached XP level 3. HP: 35/35 MP: 3/3
   602 | D:2      | Found a snail-covered altar of Cheibriados.
   893 | D:2      | Gained mutation: You are dopey. (Int -2) [potion of
                  | mutation]
   893 | D:2      | Gained mutation: You are clumsy. (Dex -2) [potion of
                  | mutation]
   937 | D:2      | Reached skill level 1 in Invocations
  1438 | D:1      | Found a faded altar of an unknown god.
  1586 | D:1      | Reached skill level 1 in Short Blades
  1586 | D:1      | Reached skill level 1 in Long Blades
  1586 | D:1      | Reached skill level 1 in Maces & Flails
  1586 | D:1      | Reached skill level 1 in Polearms
  1586 | D:1      | Reached skill level 1 in Staves
  1586 | D:1      | Reached skill level 1 in Slings
  1586 | D:1      | Reached skill level 1 in Bows
  1586 | D:1      | Reached skill level 1 in Crossbows
  1586 | D:1      | Reached skill level 1 in Throwing
  1586 | D:1      | Reached skill level 1 in Armour
  1586 | D:1      | Reached skill level 1 in Shields
  1586 | D:1      | Reached skill level 1 in Unarmed Combat
  1586 | D:1      | Reached skill level 1 in Spellcasting
  1586 | D:1      | Reached skill level 1 in Evocations
  1911 | D:1      | Found Massouhe's Magic Scroll Shop.
  1922 | D:1      | Bought a scroll of noise for 10 gold pieces
  1922 | D:1      | Bought a scroll of identify for 20 gold pieces
  1922 | D:1      | Bought a scroll of identify for 20 gold pieces
  1922 | D:1      | Bought a scroll of identify for 20 gold pieces
  2062 | D:3      | Reached XP level 4. HP: 41/41 MP: 5/5
  2767 | D:4      | Reached skill level 1 in Conjurations
  2767 | D:4      | Reached skill level 1 in Hexes
  2767 | D:4      | Reached skill level 1 in Summonings
  2767 | D:4      | Reached skill level 1 in Necromancy
  2767 | D:4      | Reached skill level 1 in Translocations
  2767 | D:4      | Reached skill level 1 in Transmutations
  2767 | D:4      | Reached skill level 1 in Fire Magic
  2767 | D:4      | Reached skill level 1 in Ice Magic
  2767 | D:4      | Reached skill level 1 in Air Magic
  2767 | D:4      | Reached skill level 1 in Earth Magic
  2767 | D:4      | Reached skill level 1 in Poison Magic
  2930 | D:4      | Found a white marble altar of Elyvilon.
  3066 | D:4      | Found a bloodstained altar of Trog.
  3066 | D:4      | Noticed a black bear
  3072 | D:4      | Noticed a scorpion
  3550 | D:4      | Identified the +5 dagger of a wizard's laboratory {flame,
                  | Str+4 Int-3 Dex+9}
  3583 | D:4      | Reached XP level 5. HP: 47/47 MP: 6/6
  3702 | D:4      | Found Zin's Purification Station.
  3705 | D:4      | Found a glowing silver altar of Zin.
  3801 | D:4      | Found a hazy altar of Hepliaklqana.
  3948 | D:4      | Killed a black bear
  3949 | D:4      | Reached XP level 6. HP: 52/53 MP: 8/8
  4046 | D:4      | Reached skill level 5 in Axes
  4046 | D:4      | Reached skill level 5 in Dodging
  4068 | D:5      | Noticed Sigmund
  4088 | D:5      | Killed Sigmund
  4089 | D:5      | Reached XP level 7. HP: 37/59 MP: 10/10
  4153 | D:5      | Found a radiant altar of Vehumet.
  4159 | D:5      | Found a runed translucent door.
  4159 | D:5      | Noticed a human
  4168 | D:5      | Found a basalt altar of Yredelemnul.
  4276 | D:5      | Noticed a troll
  4291 | D:5      | Killed a troll
  4292 | D:5      | Reached skill level 10 in Stealth
  4292 | D:5      | Found a sacrificial altar of Ru.
  4386 | D:5      | Found a staircase to the Ecumenical Temple.
  4663 | D:5      | Reached XP level 8. HP: 60/67 MP: 12/12
  5038 | D:6      | Learned a level 1 spell: Apportation
  5236 | D:6      | Noticed Maggie
  5254 | D:6      | Killed Maggie
  5494 | D:5      | Reached XP level 9. HP: 66/72 MP: 14/14
  5755 | D:6      | Found a broken altar of Ashenzari.
  6009 | D:2      | Became a worshipper of Cheibriados the Contemplative
  6172 | D:7      | Found a sand-covered staircase.
  6191 | Ossuary  | Entered an ossuary
  6290 | Ossuary  | Reached * piety under Cheibriados
  6402 | Ossuary  | Lost mutation: You are dopey. (Int -2) [potion of mutation]
  6402 | Ossuary  | Lost mutation: You are clumsy. (Dex -2) [potion of
                  | mutation]
  6402 | Ossuary  | Gained mutation: You are clumsy. (Dex -2) [potion of
                  | mutation]
  6402 | Ossuary  | Gained mutation: You are covered in fur. (AC +1) [potion of
                  | mutation]
  6492 | D:7      | Found a hide-covered altar of Uskayaw.
  6534 | D:7      | Reached ** piety under Cheibriados
  6583 | D:7      | Reached skill level 5 in Invocations
  6733 | D:7      | Identified the +5 ring mail of the Frog {rC+ Str+4}
  6754 | D:7      | Found an ancient bone altar of Kikubaaqudgha.
  7068 | D:8      | Reached XP level 10. HP: 70/80 MP: 17/17
  7089 | D:8      | Noticed a green ugly thing
  7097 | D:8      | Reached skill level 5 in Short Blades
  7097 | D:8      | Reached skill level 5 in Long Blades
  7097 | D:8      | Reached skill level 5 in Maces & Flails
  7097 | D:8      | Reached skill level 5 in Polearms
  7097 | D:8      | Reached skill level 5 in Staves
  7097 | D:8      | Reached skill level 5 in Slings
  7097 | D:8      | Reached skill level 5 in Bows
  7097 | D:8      | Reached skill level 5 in Crossbows
  7097 | D:8      | Reached skill level 5 in Throwing
  7097 | D:8      | Reached skill level 5 in Armour
  7097 | D:8      | Reached skill level 5 in Shields
  7097 | D:8      | Reached skill level 5 in Unarmed Combat
  7097 | D:8      | Reached skill level 5 in Spellcasting
  7097 | D:8      | Reached skill level 5 in Evocations
  7128 | D:8      | Killed a green ugly thing
  7256 | D:8      | Found a stormy altar of Qazlal.
  7262 | D:8      | Paralysed by a hornet for 2 turns
  7377 | D:8      | Noticed a deep elf pyromancer
  7380 | D:8      | Killed a deep elf pyromancer
  7381 | D:8      | Reached skill level 11 in Stealth
  7548 | D:8      | Paralysed by a hornet for 3 turns
  7604 | D:9      | Identified the +9 broad axe "Huvu" {speed, Str+5 Dex+4}
  7606 | D:9      | Fell from the grace of Cheibriados
  7669 | Temple   | Entered the Ecumenical Temple
  7780 | Temple   | Became a worshipper of Warmaster Okawaru
  7918 | D:9      | Noticed a boulder beetle
  7930 | D:9      | Killed a boulder beetle
  7930 | D:9      | Reached * piety under Okawaru
  7997 | D:9      | Identified the +5 trident of Taxation {holy, Str+6 Dex+3}
  8174 | D:9      | Reached XP level 11. HP: 46/87 MP: 19/19
  8612 | D:10     | Entered Level 10 of the Dungeon
  8615 | D:10     | Noticed a white ugly thing
  8633 | D:10     | Killed a white ugly thing
  8634 | D:10     | Reached skill level 5 in Conjurations
  8634 | D:10     | Reached skill level 5 in Hexes
  8634 | D:10     | Reached skill level 5 in Summonings
  8634 | D:10     | Reached skill level 5 in Necromancy
  8634 | D:10     | Reached skill level 5 in Translocations
  8634 | D:10     | Reached skill level 5 in Transmutations
  8634 | D:10     | Reached skill level 5 in Fire Magic
  8634 | D:10     | Reached skill level 5 in Ice Magic
  8634 | D:10     | Reached skill level 5 in Air Magic
  8634 | D:10     | Reached skill level 5 in Earth Magic
  8634 | D:10     | Reached skill level 5 in Poison Magic
  8634 | D:10     | Reached ** piety under Okawaru
  8804 | D:10     | Found an ancient bone altar of Kikubaaqudgha.
  8808 | D:10     | Noticed a sixfirhy
  8821 | D:10     | Slain by a sixfirhy

Illustrated notes

Levels and vault maps discovered:
D:1:      heliophobic_arrival_ceremonial_halls, layout_rooms,
          hellmonk_ecumenical_altar_arch_garden, serial_shops, shop_scrolls,
          minivault_24
D:2:      layout_loops_ring, basic_altar, nicolae_underground_beach
D:3:      layout_loops_ring, corner_web_ring, minmay_misc_feat_more_columns,
          minivault_24, serial_bayou_lake_a
D:4:      layout_loops_ring, jmf_multi_god_temple, zin_purify, lemuel_tele_altar
D:5:      layout_basic, dk_yredelemnul_ordeal, lemuel_doored_altar,
          mainiacjoe_overflow_catwalk, minmay_temple_entry_mini_moons,
          minmay_mini_ossuary, uniq_sigmund
D:6:      layout_basic, nicolae_ashenzari_skybound, uniq_maggie
D:7:      layout_rooms, mainiacjoe_overflow_six_doors_small, kennysheep_mini,
          lightli_ossuary_entry_decrepit_ruins
D:8:      layout_loops_ring, nicolae_qazlal_scattered_showers, minmay_microvault
D:9:      layout_roguey
D:10:     wander_kiku_kobolds, layout_basic, mainiacjoe_overflow_alcove_4,
          mainiacjoe_overflow_concentric_impassable
Temple:   kb_temple_of_zot

Skill      XL: |  1  2  3  4  5  6  7  8  9 10 11 |
---------------+----------------------------------+-----
Stealth        | 10 11 | 11.3
Invocations    | 1 2 3 4 5 6 |  6.7
Short Blades   | 1 2 3 4 5 6 |  6.1
Long Blades    | 1 2 3 4 5 6 |  6.1
Maces & Flails | 1 2 3 4 5 6 |  6.1
Polearms       | 1 2 3 4 5 6 |  6.1
Staves         | 1 2 3 4 5 6 |  6.1
Slings         | 1 2 3 4 5 6 |  6.1
Bows           | 1 2 3 4 5 6 |  6.1
Crossbows      | 1 2 3 4 5 6 |  6.1
Throwing       | 1 2 3 4 5 6 |  6.1
Armour         | 1 2 3 4 5 6 |  6.1
Shields        | 1 2 3 4 5 6 |  6.1
Unarmed Combat | 1 2 3 4 5 6 |  6.1
Spellcasting   | 1 2 3 4 5 6 |  6.1
Evocations     | 1 2 3 4 5 6 |  6.1
Conjurations   | 1 2 3 4 5 |  5.0
Hexes          | 1 2 3 4 5 |  5.0
Summonings     | 1 2 3 4 5 |  5.0
Necromancy     | 1 2 3 4 5 |  5.0
Translocations | 1 2 3 4 5 |  5.0
Transmutations | 1 2 3 4 5 |  5.0
Fire Magic     | 1 2 3 4 5 |  5.0
Ice Magic      | 1 2 3 4 5 |  5.0
Air Magic      | 1 2 3 4 5 |  5.0
Earth Magic    | 1 2 3 4 5 |  5.0
Poison Magic   | 1 2 3 4 5 |  5.0
Axes           | 5 6 7 |  7.7
Dodging        | 5 6 7 |  7.7
Fighting       | 7 8 9 |  9.0

Action                   |  1- 3 |  4- 6 |  7- 9 | 10-12 || total
-------------------------+-------+-------+-------+-------++-------
Melee: Hand axe          |    85 |    66 |       |       ||   151
       Bite              |     6 |    11 |    78 |    18 ||   113
       Dagger            |       |    44 |   429 |    93 ||   566
       Punch             |       |       |    15 |     7 ||    22
       Broad axe         |       |       |       |    98 ||    98
Invok: Bend Time         |       |       |       |     1 ||     1
       Renounce Religion |       |       |       |     1 ||     1
Evoke: Wand              |       |       |       |     5 ||     5
  Use: Potion            |     3 |     1 |     8 |     6 ||    18
       Scroll            |     6 |     4 |     6 |       ||    16
 Stab: Sleeping          |     9 |     4 |    15 |    12 ||    40
       Distracted        |       |     1 |       |       ||     1
       Invisible         |       |       |     2 |     4 ||     6
       Held in net/web   |       |       |       |     1 ||     1
Armor: Leather armour    |     8 |     1 |       |       ||     9
       Chain mail        |       |   106 |    51 |       ||   157
       Swamp dragon scal |       |       |    97 |       ||    97
       Skin              |       |       |     2 |    19 ||    21
       Ring mail         |       |       |     2 |    65 ||    67
Dodge: Dodged            |    47 |    44 |   265 |   120 ||   476

Table legend: (Time is in decaauts)
 A = Elapsed time spent in this place.
 B = Non-inter-level travel time spent in this place.
 C = Inter-level travel time spent in this place.
 D = Time resting spent in this place.
 E = Time spent auto-exploring this place.
 F = Levels seen in this place.
 G = Mean time per level.
                   A        B        C        D        E       F      G
               +--------+--------+--------+--------+--------+-----+--------+
         Total |   9730 |   9059 |    671 |   1378 |   5671 |  12 |  810.8 |
       Dungeon |   9268 |   8678 |    590 |   1378 |   5540 |  10 |  926.8 |
        Temple |    220 |    139 |     81 |      0 |    129 |   1 |  220.0 |
       Ossuary |    241 |    241 |      0 |      0 |      1 |   1 |  241.0 |
               +--------+--------+--------+--------+--------+-----+--------+

Top non-repeatable levels by time:
     D:4: 1499 daAuts
     D:5: 1230 daAuts
     D:3: 1163 daAuts
     D:8: 1035 daAuts
     D:9: 973 daAuts
     D:2: 876 daAuts
     D:6: 828 daAuts
     D:7: 737 daAuts
     D:1: 655 daAuts
    D:10: 268 daAuts
 Ossuary: 241 daAuts
  Temple: 220 daAuts
